 Dungeon Crawl Stone Soup version 0.24-a0-173-gc15b636e9c (webtiles) character file.

Game seed: 207939499613179772

4838 MrRokkomies the Destroyer (level 10, 0/83 HPs)
             Began as a Demigod Conjurer on Mar 12, 2019.
             Slain by a wolf (11 damage)
             ... on level 1 of the Lair of Beasts.
             The game lasted 00:48:05 (8485 turns).

MrRokkomies the Destroyer (Demigod Conjurer)        Turns: 8485, Time: 00:48:06

Health: 0/83       AC: 11    Str: 13    XL:     10   Next: 5%
Magic:  1/21       EV: 15    Int: 23    God:
Gold:   536        SH:  0    Dex: 16    Spells: 5/19 levels left

rFire    . . .     SeeInvis .   m - +2 flail (venom)
rCold    . . .     Gourm    .   (no shield)
rNeg     . . .     Faith    .   C - +2 leather armour {MR+}
rPois    .         Spirit   .   p - +2 helmet
rElec    .         Reflect  .   t - +2 cloak
rCorr    .         Harm     .   (no gloves)
MR       ++...                  (no boots)
Stlth    ++........             (no amulet)
HPRegen  0.23/turn              (no ring)
MPRegen  0.17/turn              (no ring)

@: about to teleport, very slightly contaminated
A: high mp 1
a: no special abilities


You were on level 1 of the Lair of Beasts.
You were near starving.

You visited 2 branches of the dungeon, and saw 9 of its levels.

You collected 536 gold pieces.

Inventory:

Hand Weapons
 m - a +2 flail of venom (weapon)
 B - a +2 rapier of holy wrath
 D - a +1 broad axe of electrocution
Missiles
 a - 6 steel tomahawks (quivered)
 f - 8 needles of sleeping
Armour
 p - a +2 helmet (worn)
 t - a +2 cloak (worn)
 C - a +2 leather armour of magic resistance (worn)
Jewellery
 y - an uncursed ring of resist corrosion
Wands
 d - a wand of polymorph (12)
 e - a wand of random effects (16)
 q - a wand of iceblast (12)
 u - a wand of flame (18)
Scrolls
 i - a scroll of immolation
 v - a scroll of fog
 w - a scroll of amnesia
 x - 3 scrolls of remove curse
 A - a scroll of fear
Potions
 b - a potion of curing
 c - 2 potions of berserk rage
 g - a potion of might
 h - 2 potions of brilliance
 j - a potion of resistance
 k - 2 potions of ambrosia
 n - a potion of agility {unknown}
 r - a potion of lignification {unknown}
 z - a potion of mutation {unknown}
 E - a potion of haste {unknown}
 F - a potion of invisibility {unknown}
 G - 2 potions of cancellation
Comestibles
 o - 12 rations


   Skills:
 - Level 6.0 Fighting
 * Level 6.0 Dodging
 - Level 1.7 Stealth
 - Level 5.0 Spellcasting
 * Level 9.1 Conjurations
 - Level 5.0 Hexes


You had 5 spell levels left.
You knew the following spells:

 Your Spells              Type           Power        Failure   Level  Hunger
a - Magic Dart            Conj           ####         1%          1    None
b - Searing Ray           Conj           #####.       1%          2    None
c - Dazzling Spray        Conj/Hex       #####.       1%          3    ##.....
d - Fulminant Prism       Conj/Hex       #####.....   7%          4    ####...
e - Iskenderun's Mystic   Conj           #####...     2%          4    ####...

Your spell library contained the following spells:

 Spells                   Type           Power        Failure   Level  Hunger
 Force Lance              Conj/Tloc      ####....     19%         4    ####...


Dungeon Overview and Level Annotations

Branches:
Dungeon (8/15)             Temple (0/1) D:6            Lair (1/6) D:8

Shops:
D:6 }

Annotations:
Lair:1 Fannar


Innate Abilities, Weirdness & Mutations

You have an increased reservoir of magic. (+10% MP)


Message History

You barely miss the wolf.
The wolf is heavily wounded.
The wolf bites you but does no damage. The wolf bites you. The wolf misses you.
The wolf bites you. x2; The wolf barely misses you.
The wolf bites you but does no damage. x2
The wolf bites you but does no damage. The wolf bites you.
Fannar the Cold-Hearted comes into view.
He is wielding a staff of cold and wearing a +1 robe of cold resistance.
The wolf bites you.
* * * LOW HITPOINT WARNING * * *
The wolf misses you.
Found a ration and a chain mail.
Fannar shouts!
You hear a croak.
The wolf bites you but does no damage. The wolf bites you!
* * * LOW HITPOINT WARNING * * *
Fannar casts a spell.
The wolf bites you but does no damage. The wolf barely misses you. x2
As you read the scroll of teleportation, it crumbles to dust.
You feel strangely unstable. The wolf barely misses you.
The wolf closely misses you. The wolf bites you!
You die...

## ### ##
##.###.###.####
..............
#++###.###........
#...h.....<......7
#...@hh..#....777.
#...hh...#hh7..hh.
#....h...#..7 .h..
#........#.7. ...
#........#...h ..
.P........77h.hh .
...........e


..FFh ..#.........Y [.#.........%. You could see Fannar, an ice beast and 6
wolves.

Vanquished Creatures
  Pikel (D:4)
  Prince Ribbit (D:6)
  A hippogriff (D:7)
  Eustachio (D:5)
  Grum (D:8)
  Duvessa (D:5)
  A water moccasin (D:7)
  A porcupine (D:8)
  3 orc warriors
  A sky beast (D:8)
  3 black bears
  3 ice beasts
  An ogre (D:5)
  A phantom (D:5)
  4 centaurs
  2 wolves (D:8)
  6 bullfrogs
  Dowan (D:5)
  5 scorpions
  2 howler monkeys (D:7)
  A crimson imp (D:5)
  Crazy Yiuf (D:5)
  2 hounds
  A jelly (D:8)
  A centaur skeleton (D:6)
  3 orc priests
  5 orc wizards
  3 bullfrog skeletons
  3 iguanas
  5 worker ants
  A hell rat (D:8)
  2 hound skeletons
  A worker ant zombie (D:7)
  Robin (D:2)
  A howler monkey zombie (D:7)
  4 gnolls (D:3)
  12 adders
  A river rat (D:8)
  A shadow imp (D:8)
  An ooze (D:2)
  2 adder zombies
  2 adder skeletons
  4 worms
  3 dart slugs
  3 leopard geckos
  23 orcs
  11 bats
  7 giant cockroaches
  19 goblins
  9 hobgoblins
  16 jackals
  12 kobolds
  8 quokkas
  A ball python skeleton (D:5)
  2 frilled lizards
  A leopard gecko zombie (D:5)
  A quokka skeleton (D:5)
  14 rats
228 creatures vanquished.

Vanquished Creatures (others)
  4 fulminant prisms
4 creatures vanquished.

Grand Total: 232 creatures vanquished

Notes
Turn   | Place    | Note
-------+----------+-------------------------------------------
     0 | D:1      | MrRokkomies the Demigod Conjurer began the quest for the
                  | Orb.
     0 | D:1      | Reached XP level 1. HP: 14/14 MP: 5/5
   108 | D:1      | Reached skill level 1 in Fighting
   120 | D:1      | Reached XP level 2. HP: 16/23 MP: 5/7
   163 | D:1      | Reached skill level 4 in Conjurations
   220 | D:1      | Learned a level 2 spell: Searing Ray
   706 | D:1      | Reached XP level 3. HP: 29/29 MP: 4/8
  1074 | D:2      | Noticed Robin
  1266 | D:2      | Killed Robin
  1382 | D:2      | Found a shadowy altar of Dithmenos.
  1382 | D:2      | Found an iron altar of Okawaru.
  1383 | D:2      | Found a radiant altar of Vehumet.
  1733 | D:2      | Reached XP level 4. HP: 29/37 MP: 3/9
  1930 | D:2      | You fall through a shaft for 2 floors!
  2139 | D:3      | Found an opulent altar of Gozag.
  2210 | D:3      | Reached skill level 5 in Conjurations
  2210 | D:3      | Reached XP level 5. HP: 35/45 MP: 4/10
  2505 | D:2      | Learned a level 3 spell: Dazzling Spray
  3290 | D:3      | Reached XP level 6. HP: 52/52 MP: 2/11
  3922 | D:4      | Noticed Pikel
  3948 | D:4      | Killed Pikel
  3948 | D:4      | Reached skill level 5 in Fighting
  3948 | D:4      | Reached skill level 6 in Conjurations
  3948 | D:4      | Reached XP level 7. HP: 27/61 MP: 7/12
  4152 | D:4      | Found a deep blue altar of Sif Muna.
  4205 | D:4      | Reached skill level 7 in Conjurations
  4411 | D:4      | Found a snail-covered altar of Cheibriados.
  4429 | D:5      | Entered Level 5 of the Dungeon
  4433 | D:5      | Found a glowing golden altar of the Shining One.
  4529 | D:5      | Found an ancient bone altar of Kikubaaqudgha.
  4551 | D:5      | Reached skill level 1 in Hexes
  4563 | D:5      | Found a runed translucent door.
  4564 | D:5      | Noticed Crazy Yiuf
  4575 | D:5      | Killed Crazy Yiuf
  4790 | D:5      | Reached XP level 8. HP: 70/70 MP: 7/15
  4950 | D:5      | Noticed Duvessa
  4950 | D:5      | Noticed Dowan
  4971 | D:5      | Killed Duvessa
  4971 | D:5      | Killed Dowan
  5186 | D:5      | Noticed Eustachio
  5228 | D:5      | Killed Eustachio
  5381 | D:5      | Learned a level 4 spell: Fulminant Prism
  5386 | D:5      | Learned a level 4 spell: Iskenderun's Mystic Blast
  6233 | D:6      | Found a staircase to the Ecumenical Temple.
  6247 | D:6      | Found Yxipnut's Gadget Shoppe.
  6328 | D:6      | Reached skill level 5 in Hexes
  6337 | D:6      | Reached skill level 5 in Spellcasting
  6378 | D:6      | Noticed Prince Ribbit
  6389 | D:6      | Killed Prince Ribbit
  6389 | D:6      | Reached XP level 9. HP: 57/75 MP: 15/20
  6690 | D:6      | Found an ornate altar of the Wu Jian Council.
  7008 | D:7      | Found a bloodstained altar of Trog.
  7014 | D:7      | Reached skill level 8 in Conjurations
  7190 | D:7      | Found a sparkling altar of Nemelex Xobeh.
  7660 | D:8      | Reached skill level 5 in Dodging
  8020 | D:8      | Noticed a death yak
  8024 | D:8      | Noticed a death yak
  8025 | D:8      | Noticed a death yak
  8027 | D:8      | Noticed Grum
  8046 | D:8      | Killed Grum
  8046 | D:8      | Reached skill level 9 in Conjurations
  8055 | D:8      | Reached XP level 10. HP: 48/83 MP: 5/21
  8427 | D:8      | Found a staircase to the Lair.
  8468 | Lair:1   | Entered Level 1 of the Lair of Beasts
  8482 | Lair:1   | Noticed Fannar
  8485 | Lair:1   | Slain by a wolf

Levels and vault maps discovered:
D:1:      eino_arrival_tree_alley, layout_basic, serial_bayou,
          serial_bayou_shore_b, serial_bayou_crossing, serial_bayou_pond_c,
          serial_bayou_shore_a, minmay_misc_feat_x, minmay_hexomino_c4
D:2:      minmay_chambers_of_twos, layout_loops_ring,
          chequers_temple_overflow_statue_of_worship, uniq_robin
D:3:      layout_basic, grunt_gozag_breadcrumbs
D:4:      layout_basic, lemuel_blue_sif_altar, kennysheep_mini, first_ration,
          uniq_pikel
D:5:      kennysheep_six_static_rooms, layout_loops_corners,
          lemuel_crystal_altar, basic_altar, uniq_duvessa,
          uniq_crazy_yiuf_cottage, uniq_eustachio
D:6:      layout_basic, lemuel_crystal_altar, minmay_temple_entry_antechambers,
          serial_shops, shop_fountains, uniq_prince_ribbit1
D:7:      layout_basic, lemuel_doored_altar, minmay_ruined_shrine
D:8:      layout_loops_corners, dpeg_lair_monsters, uniq_grum
Lair:1:   layout_chaotic_city, grunt_forest_large_clearings, uniq_urug,
          uniq_fannar

Skill      XL: |  1  2  3  4  5  6  7  8  9 10 |
---------------+-------------------------------+-----
Fighting       | 1 2 3 5 6 |  6.0
Conjurations   | 4 5 6 7 9 |  9.1
Spellcasting   | 2 5 |  5.0
Hexes          | 2 5 |  5.0
Dodging        | 2 5 6 |  6.0
Stealth        | |  1.7

Action                   |  1- 3 |  4- 6 |  7- 9 | 10-12 || total
-------------------------+-------+-------+-------+-------++-------
Melee: Dagger            |    49 |       |       |       ||    49
       Spear             |    16 |       |       |       ||    16
       Short sword       |    31 |    58 |       |       ||    89
       Flail             |       |    24 |   233 |    27 ||   284
       Broad axe         |       |       |     3 |       ||     3
 Cast: Magic Dart        |    50 |   119 |    96 |     1 ||   266
       Searing Ray       |     4 |     7 |    23 |     1 ||    35
       Dazzling Spray    |       |       |     7 |     2 ||     9
       Fulminant Prism   |       |       |     3 |     1 ||     4
       Iskenderun's Myst |       |       |       |     3 ||     3
  Use: Scroll            |     2 |     8 |     7 |     2 ||    19
       Potion            |     1 |       |     2 |       ||     3
 Stab: Sleeping          |     2 |     1 |     2 |       ||     5
       Invisible         |       |       |     1 |       ||     1
  Eat: Ration            |     1 |       |     1 |       ||     2
       Chunk             |       |     9 |    11 |     1 ||    21
Armor: Robe              |    12 |    26 |    57 |       ||    95
       Leather armour    |       |       |   137 |    18 ||   155
Dodge: Dodged            |    92 |    78 |   339 |    48 ||   557

Table legend:
 A = Non-vault XP
 B = Vault XP
 C = Vault XP percentage of total XP
 D = Non-vault monster count
 E = Vault monster count
 F = Vault count percentage of total count
                 A         B        C        D         E       F
            +---------+---------+-------+---------+---------+-------
      Total |    4134 |    2778 |  40.2 |     171 |      57 |  25.0
            +---------+---------+-------+---------+---------+-------
        D:1 |      39 |      20 |  33.9 |      22 |      12 |  35.3
        D:2 |      70 |      49 |  41.2 |      23 |      20 |  46.5
        D:3 |     279 |       0 |   0.0 |      25 |       0 |   0.0
        D:4 |     422 |     629 |  59.8 |      23 |       1 |   4.2
        D:5 |     812 |     515 |  38.8 |      25 |       8 |  24.2
        D:6 |     664 |     277 |  29.4 |      13 |       1 |   7.1
        D:7 |     512 |     676 |  56.9 |      11 |       7 |  38.9
        D:8 |    1336 |     612 |  31.4 |      29 |       8 |  21.6
            +---------+---------+-------+---------+---------+-------
